PAAA
SALT LAKE CITY BUZZ @ BLOOMINGTON LONGNECKS
09/06/2031
 
TOP OF THE 1ST
Salt Lake City Buzz batting - Pitching for Bloomington Longnecks : RHP Nassim El-Badwi
Pitching: RHP Nassim El-Badwi
Batting: LHB Orlando Casillas 0-0: SINGLE (Line Drive, 78S)
Batting: LHB Alistair Mix 0-0: Ball
1-0: Swinging Strike
1-1: Ball
2-1: Fielders Choice at 2nd, 5-4 (Groundball, 5L)
Batting: RHB Christian Gentry 0-0: Ball
1-0: Called Strike
1-1: Ball
2-1: Foul Ball, location: 2F
2-2: Foul Ball, location: 2F
2-2: Ball
3-2: Fielders Choice at 2nd, 6-4 (Groundball, 6)
Batting: LHB Jérôme Masson 0-0: Called Strike
0-1: Foul Ball, location: 2F
0-2: Ball
1-2: Ball
2-2: Fly out, F8 (Line Drive, 8RD)
Top of the 1st over - 0 runs, 1 hit, 0 errors, 1 left on base; Salt Lake City 0 - Bloomington 0
BOTTOM OF THE 1ST
Bloomington Longnecks batting - Pitching for Salt Lake City Buzz : RHP Poto Scacceri
Pitching: RHP Poto Scacceri
Batting: LHB Marshall Willis 0-0: SOLO HOME RUN (Flyball, 9LD), Distance : 323 ft
Batting: RHB Masafumi Ito 0-0: Called Strike
0-1: Foul Ball, location: 2F
0-2: Strikes out swinging
Batting: RHB Martín Martínez 0-0: Ball
1-0: Called Strike
1-1: SOLO HOME RUN (Flyball, 7LD), Distance : 350 ft
Batting: RHB Gabrio Campoverde 0-0: Called Strike
0-1: Called Strike
0-2: Ball
1-2: Reached on error, E6 (Groundball, 6M)
Batting: LHB César Gómes 0-0: Ball
1-0: Ball
2-0: Ball
3-0: Called Strike
3-1: Base on Balls
Gabrio Campoverde to second
Batting: RHB Frank Crocker 0-0: Fly out, F5 (Line Drive, 5)
Batting: RHB Ty Struck 0-0: Ball
1-0: Called Strike
1-1: Ball
2-1: Foul Ball, location: 2F
2-2: Ball
3-2: Base on Balls
Gabrio Campoverde to third
César Gómes to second
Batting: SHB Chris Williamson 0-0: Called Strike
0-1: Hit by Pitch
Gabrio Campoverde scores
César Gómes to third
Ty Struck to second
Batting: LHB Joram Nelen 0-0: Ball
1-0: Fly out, F9 (Flyball, 9)
Bottom of the 1st over - 3 runs, 2 hits, 1 error, 3 left on base; Salt Lake City 0 - Bloomington 3
TOP OF THE 2ND
Salt Lake City Buzz batting - Pitching for Bloomington Longnecks : RHP Nassim El-Badwi
Batting: RHB Scott Ramsey 0-0: Called Strike
0-1: Foul Ball, location: 2F
0-2: Ball
1-2: Foul Ball, location: 2F
1-2: Ball
2-2: Ball
3-2: Foul Ball, location: 2F
3-2: Strikes out swinging
Batting: RHB Ilkka Haapajarvi 0-0: Ball
1-0: Called Strike
1-1: Called Strike
1-2: Strikes out swinging
Batting: LHB Roberto Soto 0-0: Called Strike
0-1: Foul Ball, location: 2F
0-2: Strikes out looking
Top of the 2nd over - 0 runs, 0 hits, 0 errors, 0 left on base; Salt Lake City 0 - Bloomington 3
BOTTOM OF THE 2ND
Bloomington Longnecks batting - Pitching for Salt Lake City Buzz : RHP Poto Scacceri
Batting: LHB Marshall Willis 0-0: Called Strike
0-1: Ball
1-1: Swinging Strike
1-2: Ball
2-2: Ball
3-2: Base on Balls
Batting: RHB Masafumi Ito 0-0: Ball
1-0: Swinging Strike
1-1: Ball
Wild Pitch!
Marshall Willis to second
2-1: Swinging Strike
2-2: Foul Ball, location: 2F
2-2: Foul Ball, location: 2F
2-2: Foul Ball, location: 2F
2-2: Foul Ball, location: 2F
2-2: Ball
3-2: Fly out, F7 (Flyball, 7LD)
Runner from 2nd tags up, SAFE at 3rd, no throw
Batting: RHB Martín Martínez 0-0: Ball
1-0: Fly out, F5 (Popup, 5F)
Batting: RHB Gabrio Campoverde 0-0: Ball
1-0: Called Strike
1-1: Fly out, F5 (Line Drive, 5)
Bottom of the 2nd over - 0 runs, 0 hits, 0 errors, 1 left on base; Salt Lake City 0 - Bloomington 3
TOP OF THE 3RD
Salt Lake City Buzz batting - Pitching for Bloomington Longnecks : RHP Nassim El-Badwi
Batting: RHB Vicente Cruz 0-0: Foul Ball, location: 2F
0-1: Swinging Strike
0-2: Foul Ball, location: 2F
0-2: Ball
1-2: Foul Ball, location: 2F
1-2: Ball
2-2: SINGLE (Flyball, 7S)
Batting: SHB Jorge Colón 0-0: Ball
Vicente Cruz steals 2nd base
1-0: Called Strike
1-1: Fly out, F9 (Flyball, 9LS)
Batting: LHB Orlando Casillas 0-0: Called Strike
0-1: Ball
1-1: Swinging Strike
1-2: SINGLE (Groundball, 6MD)
Vicente Cruz to third
Runner from 3rd tries for Home, SAFE, no throw
Batting: LHB Alistair Mix 0-0: Called Strike
Orlando Casillas steals 2nd base
0-1: Foul Ball, location: 2F
0-2: Ball
1-2: Ball
2-2: Foul Ball, location: 2F
2-2: SINGLE (Flyball, 4MD)
Orlando Casillas to third
Runner from 3rd tries for Home, SAFE, no throw
Batting: RHB Christian Gentry 0-0: SINGLE (Line Drive, 56D)
Alistair Mix to second
Batting: LHB Jérôme Masson 0-0: Ball
1-0: Grounds into double play, 4-6-3 (Groundball, 34)
Top of the 3rd over - 2 runs, 4 hits, 0 errors, 1 left on base; Salt Lake City 2 - Bloomington 3
BOTTOM OF THE 3RD
Bloomington Longnecks batting - Pitching for Salt Lake City Buzz : RHP Poto Scacceri
Batting: LHB César Gómes 0-0: Called Strike
0-1: DOUBLE (Line Drive, 5D)
Batting: RHB Frank Crocker 0-0: Foul Ball, location: 2F
0-1: Ground out 2-3 (Groundball, 15S)
César Gómes to third
Batting: RHB Ty Struck 0-0: Swinging Strike
0-1: Ball
1-1: Foul Ball, location: 2F
1-2: Strikes out swinging
Batting: SHB Chris Williamson 0-0: Ball
1-0: Called Strike
1-1: Called Strike
1-2: Ball
2-2: Strikes out swinging
Bottom of the 3rd over - 0 runs, 1 hit, 0 errors, 1 left on base; Salt Lake City 2 - Bloomington 3
TOP OF THE 4TH
Salt Lake City Buzz batting - Pitching for Bloomington Longnecks : RHP Nassim El-Badwi
Batting: RHB Scott Ramsey 0-0: Swinging Strike
0-1: Foul Ball, location: 2F
0-2: Strikes out looking
Batting: RHB Ilkka Haapajarvi 0-0: Ball
1-0: SINGLE (Line Drive, 56D)
Batting: LHB Roberto Soto 0-0: Swinging Strike
0-1: SINGLE (Groundball, 56D)
Ilkka Haapajarvi to second
Batting: RHB Vicente Cruz 0-0: Ball
1-0: SINGLE (Line Drive, 6MD)
Ilkka Haapajarvi to third
Roberto Soto to second
Runner from 3rd tries for Home, throw and OUT!
Batting: SHB Jorge Colón 0-0: Ball
Wild Pitch!
Roberto Soto to third
Vicente Cruz to second
1-0: Ball
2-0: Swinging Strike
2-1: Foul Ball, location: 2F
2-2: Ball
3-2: Foul Ball, location: 2F
3-2: Strikes out looking
Top of the 4th over - 0 runs, 3 hits, 0 errors, 2 left on base; Salt Lake City 2 - Bloomington 3
BOTTOM OF THE 4TH
Bloomington Longnecks batting - Pitching for Salt Lake City Buzz : RHP Poto Scacceri
Pitching: RHP Lorenzo López
Batting: LHB Joram Nelen 0-0: Called Strike
0-1: Ball
1-1: Foul Ball, location: 2F
1-2: Ground out 2-3 (Groundball, 2L)
Batting: LHB Marshall Willis 0-0: Ball
1-0: Foul Ball, location: 2F
1-1: Ball
2-1: SINGLE (Groundball, 6MD)
Batting: RHB Masafumi Ito 0-0: Ball
1-0: Ball
2-0: Ball
Marshall Willis steals 2nd base
3-0: Called Strike
3-1: Base on Balls
Batting: RHB Martín Martínez 0-0: Ball
1-0: Fielders Choice at 2nd, 5-4 (Groundball, 56)
Marshall Willis to third
Batting: RHB Gabrio Campoverde 0-0: Ground out 4-3 (Groundball, 4)
Bottom of the 4th over - 0 runs, 1 hit, 0 errors, 2 left on base; Salt Lake City 2 - Bloomington 3
TOP OF THE 5TH
Salt Lake City Buzz batting - Pitching for Bloomington Longnecks : RHP Nassim El-Badwi
Batting: LHB Orlando Casillas 0-0: Ball
1-0: Foul Ball, location: 2F
1-1: Ball
2-1: Ball
3-1: SINGLE (Line Drive, 6)
Batting: LHB Alistair Mix 0-0: Ball
1-0: Sac Bunt - play at first, batter OUT! 2-4
Orlando Casillas to second
Batting: RHB Christian Gentry 0-0: Foul Ball, location: 2F
0-1: Ball
1-1: Ball
2-1: Ground out 3-1 (Groundball, 34)
Orlando Casillas to third
Batting: LHB Jérôme Masson 0-0: Ball
Wild Pitch!
Orlando Casillas scores
1-0: Swinging Strike
1-1: Ball
2-1: DOUBLE (Line Drive, 78D)
Batting: RHB Scott Ramsey 0-0: Ball
1-0: Ball
2-0: Ball
3-0: SINGLE (Flyball, 89S)
Jérôme Masson to third
Pitching: RHP Nick Taylor
Batting: RHB Ilkka Haapajarvi 0-0: Swinging Strike
0-1: Swinging Strike
0-2: SINGLE (Line Drive, 8RS)
Jérôme Masson scores
Scott Ramsey to second
Runner from 2nd tries for 3rd, SAFE, no throw
Batting: LHB Roberto Soto 0-0: Called Strike
0-1: Swinging Strike
0-2: Ground out U3 (Groundball, 34)
Top of the 5th over - 2 runs, 4 hits, 0 errors, 2 left on base; Salt Lake City 4 - Bloomington 3
BOTTOM OF THE 5TH
Bloomington Longnecks batting - Pitching for Salt Lake City Buzz : RHP Lorenzo López
Batting: LHB César Gómes 0-0: Ball
1-0: Ball
2-0: Foul Ball, location: 2F
2-1: Called Strike
2-2: Ground out 1-3 (Groundball, 15S)
Batting: RHB Frank Crocker 0-0: Called Strike
0-1: Swinging Strike
0-2: Ball
1-2: Strikes out swinging
Batting: RHB Ty Struck 0-0: Called Strike
0-1: Ball
1-1: Foul Ball, location: 2F
1-2: Ball
2-2: SINGLE (Line Drive, 6M)
Batting: SHB Chris Williamson 0-0: Foul Ball, location: 2F
0-1: Ball
1-1: Fly out, F7 (Flyball, 78M)
Bottom of the 5th over - 0 runs, 1 hit, 0 errors, 1 left on base; Salt Lake City 4 - Bloomington 3
TOP OF THE 6TH
Salt Lake City Buzz batting - Pitching for Bloomington Longnecks : RHP Nick Taylor
Batting: RHB Vicente Cruz 0-0: Ball
1-0: Ground out 6-3 (Groundball, 6)
Batting: SHB Jorge Colón 0-0: Ball
1-0: Called Strike
1-1: Ball
2-1: Swinging Strike
2-2: Foul Ball, location: 2F
2-2: Strikes out swinging
Batting: LHB Orlando Casillas 0-0: Ball
1-0: Called Strike
1-1: Ball
2-1: Ball
3-1: Ground out 6-3 (Groundball, 6)
Top of the 6th over - 0 runs, 0 hits, 0 errors, 0 left on base; Salt Lake City 4 - Bloomington 3
BOTTOM OF THE 6TH
Bloomington Longnecks batting - Pitching for Salt Lake City Buzz : RHP Lorenzo López
Batting: LHB Joram Nelen 0-0: Called Strike
0-1: Swinging Strike
0-2: Ball
1-2: Foul Ball, location: 2F
1-2: Ball
2-2: Foul Ball, location: 2F
2-2: Ball
3-2: Base on Balls
Batting: LHB Marshall Willis 0-0: Bunted foul
0-1: Bunt missed!
0-2: Ball
1-2: Ball
2-2: Ball
3-2: 2-RUN HOME RUN (Flyball, 9D), Distance : 340 ft
Pitching: RHP Shotaro Sugahara
Batting: RHB Masafumi Ito 0-0: Ball
1-0: SINGLE (Line Drive, 6MD)
Batting: RHB Martín Martínez 0-0: Swinging Strike
0-1: Foul Ball, location: 2F
0-2: Strikes out swinging
Batting: RHB Gabrio Campoverde 0-0: Called Strike
Pickoff Throw by Catcher to First - Error! E2
Masafumi Ito to second
0-1: Ball
1-1: Ball
2-1: Ball
3-1: Base on Balls
Batting: LHB César Gómes 0-0: Foul Ball, location: 2F
0-1: Ball
1-1: Foul Ball, location: 2F
1-2: Strikes out swinging
Batting: RHB Frank Crocker 0-0: Ball
1-0: Ground out 6-3 (Groundball, 56)
Bottom of the 6th over - 2 runs, 2 hits, 1 error, 2 left on base; Salt Lake City 4 - Bloomington 5
TOP OF THE 7TH
Salt Lake City Buzz batting - Pitching for Bloomington Longnecks : RHP Nick Taylor
Batting: LHB Alistair Mix 0-0: Called Strike
0-1: Hit by Pitch
Batting: RHB Christian Gentry 0-0: Called Strike
0-1: Ball
1-1: Ground out 6-3 (Groundball, 6S)
Alistair Mix to second
Batting: LHB Jérôme Masson 0-0: Called Strike
0-1: Swinging Strike
0-2: Foul Ball, location: 2F
0-2: Ground out 3-1 (Groundball, 34)
Alistair Mix to third
Batting: RHB Scott Ramsey 0-0: Called Strike
0-1: Ball
1-1: Foul Ball, location: 2F
1-2: 2-RUN HOME RUN (Flyball, 7D), Distance : 379 ft
Batting: RHB Ilkka Haapajarvi 0-0: Called Strike
0-1: Ball
1-1: Ball
2-1: Ball
3-1: Swinging Strike
3-2: Strikes out swinging passed ball, reaches first!
Pitching: RHP Keith Rojas
Batting: LHB Roberto Soto 0-0: Swinging Strike
0-1: Foul Ball, location: 2F
0-2: Fly out, F7 (Flyball, 7LMF)
Top of the 7th over - 2 runs, 1 hit, 0 errors, 1 left on base; Salt Lake City 6 - Bloomington 5
BOTTOM OF THE 7TH
Bloomington Longnecks batting - Pitching for Salt Lake City Buzz : RHP Shotaro Sugahara
Batting: RHB Ty Struck 0-0: Ball
1-0: Called Strike
1-1: Fly out, F3 (Popup, 3SF)
Batting: SHB Chris Williamson 0-0: Foul Ball, location: 2F
0-1: Called Strike
0-2: Ball
1-2: Strikes out swinging
Batting: LHB Joram Nelen 0-0: Called Strike
0-1: Fly out, F7 (Flyball, 7LDF)
Bottom of the 7th over - 0 runs, 0 hits, 0 errors, 0 left on base; Salt Lake City 6 - Bloomington 5
TOP OF THE 8TH
Salt Lake City Buzz batting - Pitching for Bloomington Longnecks : RHP Keith Rojas
Batting: RHB Vicente Cruz 0-0: Foul Ball, location: 2F
0-1: Ball
1-1: Called Strike
1-2: Ball
2-2: Strikes out swinging
Batting: SHB Jorge Colón 0-0: Ground out 6-3 (Groundball, 6)
Batting: LHB Orlando Casillas 0-0: Ball
1-0: Called Strike
1-1: Called Strike
1-2: Ground out 5-3 (Groundball, 56)
Top of the 8th over - 0 runs, 0 hits, 0 errors, 0 left on base; Salt Lake City 6 - Bloomington 5
BOTTOM OF THE 8TH
Bloomington Longnecks batting - Pitching for Salt Lake City Buzz : RHP Shotaro Sugahara
Now at C: Quigley Gibson
Now at 2B: Justin MacPherson
Now at 3B: Leon Carlisle
Batting: LHB Marshall Willis 0-0: Ball
1-0: Ball
2-0: Ball
3-0: Base on Balls
Batting: RHB Masafumi Ito 0-0: Ball
1-0: Ball
2-0: Fly out, F2 (Popup, 2LF)
Pinch Hitting: LHB Calvin Wilms 0-0: Ball
1-0: Swinging Strike
1-1: SINGLE (Groundball, 6MD)
Marshall Willis to second
Pinch Hitting: LHB Chris Payling 0-0: Ball
1-0: Ball
2-0: Ball
3-0: Called Strike
3-1: Called Strike
3-2: Strikes out looking
Batting: LHB César Gómes 0-0: Called Strike
0-1: Ball
1-1: Called Strike
1-2: Foul Ball, location: 2F
1-2: Ball
2-2: Ball
3-2: Fly out, F3 (Line Drive, 3)
Bottom of the 8th over - 0 runs, 1 hit, 0 errors, 2 left on base; Salt Lake City 6 - Bloomington 5
TOP OF THE 9TH
Salt Lake City Buzz batting - Pitching for Bloomington Longnecks : RHP Keith Rojas
Now at SS: Keith Alexander
Now in RF: Chris Payling
Batting: LHB Alistair Mix 0-0: Called Strike
0-1: Foul Ball, location: 2F
0-2: Ball
1-2: Foul Ball, location: 2F
1-2: Ball
2-2: Fly out, F2 (Popup, 13S)
Batting: RHB Christian Gentry 0-0: Ball
1-0: Ball
2-0: Ball
3-0: Called Strike
3-1: Ground out 4-3 (Groundball, 4)
Batting: LHB Jérôme Masson 0-0: Ball
1-0: Ball
2-0: Foul Ball, location: 2F
2-1: Called Strike
2-2: DOUBLE (Line Drive, 8RD)
Batting: RHB Scott Ramsey 0-0: Ball
1-0: Foul Ball, location: 2F
1-1: Ground out 1-3 (Groundball, 15S)
Top of the 9th over - 0 runs, 1 hit, 0 errors, 1 left on base; Salt Lake City 6 - Bloomington 5
BOTTOM OF THE 9TH
Bloomington Longnecks batting - Pitching for Salt Lake City Buzz : RHP Shotaro Sugahara
Pitching: LHP Scott Mildren
Batting: RHB Frank Crocker 0-0: Ball
1-0: Called Strike
1-1: SINGLE (Flyball, 7LS)
Batting: RHB Ty Struck 0-0: SINGLE (Line Drive, 78D)
Frank Crocker to second
Pinch Hitting: RHB Bubba Blevins 0-0: Called Strike
0-1: Ball
1-1: Swinging Strike
1-2: Ball
Wild Pitch!
Frank Crocker to third
Ty Struck to second
2-2: Foul Ball, location: 2F
2-2: Foul Ball, location: 2F
2-2: Foul Ball, location: 2F
2-2: Foul Ball, location: 2F
2-2: Fly out, F8 (Line Drive, 8LM)
Runner from 3rd tags up, OUT at HOME
Ty Struck to third
Pinch Hitting: RHB Toussiant L'Ouverture 0-0: Foul Ball, location: 2F
0-1: Ball
1-1: DOUBLE (Groundball, 5L)
Ty Struck scores
Pinch Hitting: RHB Mark Smiley 0-0: Ball
1-0: Swinging Strike
1-1: Fly out, F5 (Line Drive, 56)
Bottom of the 9th over - 1 run, 3 hits, 0 errors, 1 left on base; Salt Lake City 6 - Bloomington 6
TOP OF THE 10TH
Salt Lake City Buzz batting - Pitching for Bloomington Longnecks : RHP Keith Rojas
Now at C: Toussiant L'Ouverture
Now at SS: Bubba Blevins
Now in LF: Mark Smiley
Batting: RHB Ilkka Haapajarvi 0-0: Ball
1-0: Foul Ball, location: 2F
1-1: Called Strike
1-2: Ball
2-2: Ground out 5-3 (Groundball, 56S)
Batting: RHB Leon Carlisle 0-0: Ball
1-0: Ball
2-0: Called Strike
2-1: Ball
3-1: Ground out 4-3 (Groundball, 4)
Batting: RHB Vicente Cruz 0-0: Fly out, F7 (Flyball, 7LS)
Top of the 10th over - 0 runs, 0 hits, 0 errors, 0 left on base; Salt Lake City 6 - Bloomington 6
BOTTOM OF THE 10TH
Bloomington Longnecks batting - Pitching for Salt Lake City Buzz : LHP Scott Mildren
Batting: RHB Masafumi Ito 0-0: Ball
1-0: SINGLE (Groundball, 6D)
Batting: LHB Keith Alexander 0-0: Fly out, F5 (Popup, 5F)
Batting: LHB Chris Payling 0-0: Swinging Strike
0-1: SINGLE (Line Drive, 9)
Masafumi Ito to second
Batting: LHB César Gómes 0-0: Called Strike
0-1: Called Strike
0-2: Ball
1-2: Strikes out looking
Batting: RHB Frank Crocker 0-0: Ground out U3 (Groundball, 34)
Bottom of the 10th over - 0 runs, 2 hits, 0 errors, 2 left on base; Salt Lake City 6 - Bloomington 6
TOP OF THE 11TH
Salt Lake City Buzz batting - Pitching for Bloomington Longnecks : RHP Keith Rojas
Pinch Hitting: RHB Alexandre Keeping 0-0: Foul Ball, location: 2F
0-1: Foul Ball, location: 2F
0-2: Fly out, F8 (Flyball, 8LM)
Batting: RHB Justin MacPherson 0-0: Called Strike
0-1: Foul Ball, location: 2F
0-2: Ball
1-2: SINGLE (Groundball, 56D)
Pitching: LHP Anaías Pedroza
Batting: LHB Alistair Mix 0-0: Ball
1-0: Called Strike
1-1: Swinging Strike
1-2: Ball
2-2: Ball
3-2: Strikes out looking
Batting: RHB Christian Gentry 0-0: Called Strike
0-1: Ball
1-1: Ground out 5-3 (Groundball, 56S)
Top of the 11th over - 0 runs, 1 hit, 0 errors, 1 left on base; Salt Lake City 6 - Bloomington 6
BOTTOM OF THE 11TH
Bloomington Longnecks batting - Pitching for Salt Lake City Buzz : LHP Scott Mildren
Now at C: Ethan Miller
Batting: RHB Ty Struck 0-0: Fly out, F8 (Flyball, 8LD)
Batting: RHB Bubba Blevins 0-0: Ball
1-0: Fly out, F7 (Line Drive, 78M)
Batting: RHB Toussiant L'Ouverture 0-0: Ball
1-0: Ball
2-0: Ball
3-0: Called Strike
3-1: Fly out, F7 (Flyball, 7)
Bottom of the 11th over - 0 runs, 0 hits, 0 errors, 0 left on base; Salt Lake City 6 - Bloomington 6
TOP OF THE 12TH
Salt Lake City Buzz batting - Pitching for Bloomington Longnecks : LHP Anaías Pedroza
Batting: LHB Jérôme Masson 0-0: SINGLE (Groundball, 5D)
Batting: RHB Scott Ramsey 0-0: Ball
1-0: Ball
2-0: Foul Ball, location: 2F
2-1: Swinging Strike
2-2: Foul Ball, location: 2F
2-2: Strikes out swinging
Batting: RHB Ilkka Haapajarvi Balk!
Jérôme Masson to second
0-0: Intentional Walk
Batting: RHB Leon Carlisle 0-0: Called Strike
0-1: Swinging Strike
0-2: Ball
1-2: Strikes out swinging
Batting: RHB Vicente Cruz 0-0: Ball
1-0: Ball
2-0: Called Strike
2-1: Ball
3-1: Swinging Strike
3-2: Base on Balls
Jérôme Masson to third
Ilkka Haapajarvi to second
Batting: RHB Ethan Miller 0-0: Called Strike
0-1: Foul Ball, location: 2F
0-2: Foul Ball, location: 2F
0-2: Ball
1-2: Ground out 4-3 (Groundball, 4)
Top of the 12th over - 0 runs, 1 hit, 0 errors, 3 left on base; Salt Lake City 6 - Bloomington 6
BOTTOM OF THE 12TH
Bloomington Longnecks batting - Pitching for Salt Lake City Buzz : LHP Scott Mildren
Batting: RHB Mark Smiley 0-0: Ball
1-0: Swinging Strike
1-1: Ball
2-1: Foul Ball, location: 2F
2-2: Foul Ball, location: 2F
2-2: Foul Ball, location: 2F
2-2: Strikes out swinging, 2-3 out at first.
Batting: RHB Masafumi Ito 0-0: Called Strike
0-1: Ball
1-1: Swinging Strike
1-2: Ground out 6-3 (Groundball, 6)
Pitching: LHP Jorge Mejía
Batting: LHB Keith Alexander 0-0: Ball
1-0: Ball
2-0: Ball
3-0: Called Strike
3-1: Reached on error, E6 (Groundball, 6)
Batting: LHB Chris Payling 0-0: Called Strike
0-1: Swinging Strike
0-2: Ball
1-2: Ball
2-2: Ball
3-2: Base on Balls
Batting: LHB César Gómes 0-0: Ball
1-0: Called Strike
1-1: Foul Ball, location: 2F
1-2: Foul Ball, location: 2F
1-2: Strikes out swinging
Bottom of the 12th over - 0 runs, 0 hits, 1 error, 2 left on base; Salt Lake City 6 - Bloomington 6
TOP OF THE 13TH
Salt Lake City Buzz batting - Pitching for Bloomington Longnecks : LHP Anaías Pedroza
Batting: RHB Justin MacPherson 0-0: Ground out 5-3 (Groundball, 56)
Batting: LHB Alistair Mix 0-0: Ball
1-0: Ball
2-0: Ball
3-0: Called Strike
3-1: Ground out 4-3 (Groundball, 4)
Batting: RHB Christian Gentry 0-0: Ball
1-0: Ball
2-0: Ground out 5-3 (Groundball, 56S)
Top of the 13th over - 0 runs, 0 hits, 0 errors, 0 left on base; Salt Lake City 6 - Bloomington 6
BOTTOM OF THE 13TH
Bloomington Longnecks batting - Pitching for Salt Lake City Buzz : LHP Jorge Mejía
Batting: RHB Frank Crocker 0-0: Called Strike
0-1: Fly out, F8 (Line Drive, 8LM)
Batting: RHB Ty Struck 0-0: Ball
1-0: Ball
2-0: Ball
3-0: Base on Balls
Batting: RHB Bubba Blevins 0-0: Called Strike
0-1: Ball
1-1: Foul Ball, location: 2F
1-2: Foul Ball, location: 2F
1-2: Ball
2-2: Grounds into double play, 5-4-3 (Groundball, 56)
Bottom of the 13th over - 0 runs, 0 hits, 0 errors, 0 left on base; Salt Lake City 6 - Bloomington 6
TOP OF THE 14TH
Salt Lake City Buzz batting - Pitching for Bloomington Longnecks : LHP Anaías Pedroza
Batting: LHB Jérôme Masson 0-0: Foul Ball, location: 2F
0-1: SINGLE (Line Drive, 8RS)
Batting: RHB Scott Ramsey Pickoff Throw to First - Out!
0-0: Swinging Strike
0-1: Ball
1-1: Called Strike
1-2: Strikes out swinging
Batting: RHB Ilkka Haapajarvi 0-0: Ball
1-0: Called Strike
1-1: Swinging Strike
1-2: Ball
2-2: Strikes out swinging
Top of the 14th over - 0 runs, 1 hit, 0 errors, 0 left on base; Salt Lake City 6 - Bloomington 6
BOTTOM OF THE 14TH
Bloomington Longnecks batting - Pitching for Salt Lake City Buzz : LHP Jorge Mejía
Batting: RHB Toussiant L'Ouverture 0-0: Called Strike
0-1: Ball
1-1: Swinging Strike
1-2: Ball
2-2: Foul Ball, location: 2F
2-2: Strikes out swinging
Batting: RHB Mark Smiley 0-0: Ball
1-0: Foul Ball, location: 2F
1-1: Ball
2-1: Ball
3-1: Foul Ball, location: 2F
3-2: Base on Balls
Batting: RHB Masafumi Ito 0-0: Called Strike
0-1: Fly out, F6 (Line Drive, 6)
Pitching: LHP Léonard Moreau
Batting: LHB Keith Alexander 0-0: SINGLE (Line Drive, 56D)
Mark Smiley to second
Batting: LHB Chris Payling 0-0: Foul Ball, location: 2F
0-1: Ball
1-1: Called Strike
1-2: SINGLE (Line Drive, 7S)
Mark Smiley to third
Keith Alexander to second
Runner from 3rd tries for Home, SAFE, no throw
Tuesday, June 12th, 2018 - OOTP Baseball 18.8 Build 76